[ AOE2 MATCH · #478386995 ]
Team RMWei vs Maya
[ REPLAY ANALYSIS · EXTRACTED FROM THE RECORDED GAME ]
Feudal
13:15
Castle
28:06
Imperial
—
| APM avg | 32.9 |
| APM peak | 80 |
| eAPM avg | 12.9 |
| Villagers / military | 58 / 12 |
Focus
⚔️ 31.4% · 🌾 68.6%
Militia ×10 · Unknown (1944) ×3 · Spearman ×2
Feudal
14:46
Castle
26:20
Imperial
—
| APM avg | 19.3 |
| APM peak | 45 |
| eAPM avg | 12.4 |
| Villagers / military | 56 / 44 |
Focus
⚔️ 29.8% · 🌾 70.2%
Archer ×36 · Militia ×5 · Spearman ×3
Feudal
13:49
Castle
30:36
Imperial
—
| APM avg | 20.7 |
| APM peak | 41 |
| eAPM avg | 13.1 |
| Villagers / military | 52 / 14 |
Focus
⚔️ 19.4% · 🌾 80.6%
Skirmisher ×11 · Scout Cavalry ×3
Feudal
13:57
Castle
21:17
Imperial
—
| APM avg | 34.9 |
| APM peak | 81 |
| eAPM avg | 13.0 |
| Villagers / military | 63 / 15 |
Focus
⚔️ 16.8% · 🌾 83.2%
Steppe Lancer ×14 · Scout Cavalry ×1
Match map
Initial resources + every placement click. Lines = walls · curves = elevation contours. ◆ gold · ⬟ stone · ● berries · ✦ relic · ◌ wall gap
Your base· Open — 8t gap
acmoon16's base· Open — 9t gap
JShizzle's base· Open — unwalled flank
Efectoz's base· Open — unwalled flank
Smoothed initial terrain · ◌ = detected wall gap · hover for details
Inputs per minute
— Dr.HERO - - acmoon16
Build order — Dr.HERO
142 actions detected in the replay
| 0:20 | Build | Town Center |
| 0:35 | Build | House |
| 0:36 | Build | House |
| 1:05 | Build | Mill |
| 2:44 | Create | Villager (Male) |
| 2:45 | Create | Villager (Male) |
| 2:45 | Create | Villager (Male) |
| 2:45 | Create | Villager (Male) |
| 3:55 | Create | Villager (Male) |
| 4:29 | Create | Villager (Male) |
| 4:48 | Create | Villager (Male) |
| 5:11 | Create | Villager (Male) |
| 5:31 | Create | Villager (Male) |
| 5:45 | Create | Villager (Male) |
| 6:42 | Build | House |
| 6:43 | Build | House |
| 6:44 | Create | Villager (Male) |
| 6:58 | Create | Villager (Male) |
| 7:05 | Create | Villager (Male) |
| 7:19 | Create | Villager (Male) |
| 7:29 | Create | Villager (Male) |
| 7:30 | Create | Villager (Male) |
| 7:33 | Research | Loom |
| 8:31 | Create | Villager (Male) |
| 8:38 | Create | Villager (Male) |
| 9:27 | Build | Lumber Camp |
| 9:29 | Create | Villager (Male) |
| 10:17 | Build | House |
| 10:48 | Research | Feudal Age |
| 10:53 | Build | Barracks |
| 11:21 | Build | House |
| 12:08 | Build | House |
| 12:12 | Create | Militia |
| 12:12 | Create | Militia |
| 12:13 | Create | Militia |
| 12:19 | Build | House |
| 12:20 | Build | House |
| 12:22 | Build | House |
| 12:39 | Build | Mill |
| 13:15 | Age | Feudal Age |
| 13:19 | Research | Man-at-Arms (upgrade) |
| 13:23 | Create | Villager (Male) |
| 14:07 | Create | Militia |
| 14:08 | Create | Villager (Male) |
| 14:09 | Create | Villager (Male) |
| 14:16 | Build | Farm |
| 14:19 | Research | Double-Bit Axe |
| 14:20 | Create | Villager (Male) |
| 14:33 | Create | Militia |
| 14:50 | Create | Villager (Male) |
| 14:56 | Create | Militia |
| 14:57 | Create | Villager (Male) |
| 15:13 | Build | Mining Camp |
| 15:25 | Create | Militia |
| 15:32 | Build | Blacksmith |
| 15:33 | Create | Villager (Male) |
| 16:01 | Build | Watch Tower |
| 16:06 | Create | Spearman |
| 16:25 | Create | Spearman |
| 16:33 | Create | Villager (Male) |
| 16:34 | Create | Villager (Male) |
| 17:14 | Build | Palisade Gate |
| 17:23 | Research | Arson |
| 17:25 | Create | Villager (Male) |
| 17:39 | Create | Villager (Male) |
| 18:06 | Build | Market |
| 18:07 | Build | House |
| 18:08 | Build | House |
| 18:12 | Create | Villager (Male) |
| 18:19 | Create | Militia |
| 18:29 | Create | Villager (Male) |
| 19:28 | Research | Forging |
| 19:36 | Build | House |
| 19:45 | Create | Militia |
| 20:14 | Build | Mill |
| 20:21 | Build | House |
| 20:28 | Build | Stone Wall |
| 20:59 | Create | Villager (Male) |
| 21:03 | Build | Farm |
| 21:04 | Build | Farm |
| 21:04 | Build | Farm |
| 21:04 | Build | Farm |
| 21:04 | Build | Farm |
| 21:12 | Build | Mill |
| 21:22 | Create | Villager (Male) |
| 21:23 | Build | Farm |
| 22:01 | Build | Stone Wall |
| 22:02 | Create | Villager (Male) |
| 22:05 | Build | Farm |
| 22:05 | Build | Farm |
| 22:05 | Build | Farm |
| 22:05 | Build | Farm |
| 22:06 | Build | Farm |
| 22:26 | Research | Horse Collar |
| 22:31 | Create | Villager (Male) |
| 22:31 | Create | Villager (Male) |
| 22:31 | Create | Villager (Male) |
| 22:47 | Create | Villager (Male) |
| 22:58 | Create | Villager (Male) |
| 23:06 | Build | Mining Camp |
| 23:21 | Build | Stable |
| 23:46 | Create | Villager (Male) |
| 23:59 | Build | Farm |
| 23:59 | Build | Farm |
| 24:04 | Build | Farm |
| 24:05 | Create | Villager (Male) |
| 24:30 | Create | Villager (Male) |
| 24:32 | Build | Farm |
| 24:34 | Build | Farm |
| 24:38 | Build | Farm |
| 24:40 | Create | Villager (Male) |
| 25:11 | Research | Castle Age |
| 25:19 | Create | Villager (Male) |
| 25:24 | Research | Bloodlines |
| 25:40 | Research | Scale Barding Armor |
| 25:56 | Create | Villager (Male) |
| 26:14 | Create | Villager (Male) |
| 27:01 | Build | Stone Wall |
| 27:04 | Create | Villager (Male) |
| 27:05 | Create | Villager (Male) |
| 27:55 | Build | Gate |
| 28:06 | Age | Castle Age |
| 28:13 | Create | Villager (Male) |
| 28:15 | Research | Fletching |
| 28:29 | Build | Stone Wall |
| 28:33 | Create | Villager (Male) |
| 29:02 | Create | Unit 1944 |
| 29:03 | Create | Unit 1944 |
| 29:06 | Create | Militia |
| 29:08 | Create | Villager (Male) |
| 29:09 | Create | Villager (Male) |
| 29:13 | Create | Villager (Male) |
| 29:27 | Build | Castle |
| 29:33 | Create | Villager (Male) |
| 29:37 | Research | Bow Saw |
| 29:39 | Research | Heavy Plow |
| 29:53 | Create | Villager (Male) |
| 30:01 | Create | Unit 1944 |
| 30:45 | Research | Bodkin Arrow |
| 31:01 | Create | Villager (Male) |
| 31:14 | Build | Gate |
| 31:15 | Create | Villager (Male) |
Build order — acmoon16
First 150 of 174 actions detected
| 1:25 | Build | Town Center |
| 3:22 | Create | Villager (Male) |
| 3:22 | Create | Villager (Male) |
| 3:22 | Create | Villager (Male) |
| 3:52 | Build | House |
| 3:54 | Build | House |
| 3:57 | Research | Loom |
| 4:14 | Create | Villager (Male) |
| 4:14 | Create | Villager (Male) |
| 4:24 | Create | Villager (Male) |
| 4:32 | Build | House |
| 5:16 | Create | Villager (Male) |
| 5:46 | Create | Villager (Male) |
| 5:46 | Create | Villager (Male) |
| 6:32 | Create | Villager (Male) |
| 6:33 | Create | Villager (Male) |
| 7:04 | Create | Villager (Male) |
| 7:50 | Create | Villager (Male) |
| 8:33 | Build | Lumber Camp |
| 8:40 | Create | Villager (Male) |
| 8:41 | Create | Villager (Male) |
| 9:07 | Build | Mill |
| 9:10 | Create | Villager (Male) |
| 9:48 | Create | Villager (Male) |
| 10:07 | Create | Villager (Male) |
| 10:41 | Create | Villager (Male) |
| 10:50 | Build | House |
| 10:53 | Build | House |
| 11:14 | Create | Villager (Male) |
| 11:29 | Build | Barracks |
| 11:35 | Create | Villager (Male) |
| 11:52 | Create | Villager (Male) |
| 12:15 | Build | House |
| 12:25 | Research | Feudal Age |
| 12:41 | Create | Militia |
| 12:42 | Create | Militia |
| 13:03 | Create | Militia |
| 13:20 | Build | Palisade Wall |
| 13:22 | Build | Palisade Gate |
| 13:28 | Build | House |
| 13:32 | Create | Militia |
| 13:32 | Create | Militia |
| 14:02 | Create | Villager (Male) |
| 14:46 | Age | Feudal Age |
| 14:50 | Research | Man-at-Arms (upgrade) |
| 15:04 | Create | Villager (Male) |
| 15:05 | Research | Horse Collar |
| 15:06 | Research | Double-Bit Axe |
| 15:11 | Build | Farm |
| 15:12 | Build | Farm |
| 15:12 | Build | Farm |
| 15:13 | Build | Farm |
| 15:28 | Create | Villager (Male) |
| 15:32 | Build | Farm |
| 15:33 | Build | Farm |
| 15:33 | Build | Farm |
| 15:34 | Build | Farm |
| 15:45 | Create | Villager (Male) |
| 15:56 | Research | Wheelbarrow |
| 16:06 | Build | Archery Range |
| 16:27 | Build | House |
| 16:29 | Build | House |
| 16:30 | Build | House |
| 16:45 | Create | Villager (Male) |
| 16:54 | Create | Villager (Male) |
| 17:32 | Create | Villager (Male) |
| 17:41 | Create | Archer |
| 17:41 | Create | Archer |
| 17:42 | Create | Archer |
| 17:42 | Create | Archer |
| 17:42 | Create | Archer |
| 17:43 | Create | Archer |
| 18:37 | Create | Villager (Male) |
| 19:01 | Create | Villager (Male) |
| 19:04 | Create | Archer |
| 19:16 | Build | House |
| 19:18 | Build | Blacksmith |
| 20:03 | Create | Archer |
| 20:08 | Build | Farm |
| 20:09 | Build | Farm |
| 20:10 | Build | Farm |
| 20:11 | Build | Farm |
| 20:11 | Build | Farm |
| 20:14 | Build | Farm |
| 20:17 | Create | Villager (Male) |
| 20:18 | Create | Villager (Male) |
| 20:25 | Build | Archery Range |
| 20:31 | Build | House |
| 20:34 | Build | House |
| 20:36 | Research | Fletching |
| 20:38 | Create | Archer |
| 20:53 | Build | Market |
| 20:58 | Build | Palisade Wall |
| 21:10 | Build | Farm |
| 21:10 | Build | Farm |
| 21:13 | Create | Villager (Male) |
| 21:13 | Create | Villager (Male) |
| 21:19 | Create | Archer |
| 21:28 | Research | Padded Archer Armor |
| 21:30 | Create | Villager (Male) |
| 21:34 | Build | House |
| 21:36 | Create | Archer |
| 21:36 | Create | Archer |
| 21:36 | Create | Archer |
| 22:09 | Build | House |
| 22:11 | Build | House |
| 22:27 | Create | Archer |
| 22:44 | Build | Palisade Wall |
| 22:53 | Build | Palisade Wall |
| 22:56 | Create | Villager (Male) |
| 23:26 | Build | Farm |
| 23:27 | Build | Farm |
| 23:27 | Build | Farm |
| 23:40 | Research | Castle Age |
| 23:54 | Create | Archer |
| 23:55 | Create | Archer |
| 23:55 | Create | Archer |
| 23:55 | Create | Archer |
| 23:55 | Create | Archer |
| 23:56 | Create | Archer |
| 24:01 | Build | Farm |
| 24:16 | Build | House |
| 24:37 | Create | Villager (Male) |
| 24:39 | Create | Archer |
| 24:39 | Create | Archer |
| 24:40 | Create | Archer |
| 25:15 | Build | House |
| 25:30 | Create | Villager (Male) |
| 25:46 | Create | Archer |
| 25:47 | Create | Archer |
| 25:47 | Create | Archer |
| 25:48 | Create | Archer |
| 25:51 | Create | Archer |
| 25:51 | Create | Archer |
| 26:20 | Age | Castle Age |
| 26:24 | Research | Crossbowman (upgrade) |
| 26:44 | Build | House |
| 26:46 | Create | Villager (Male) |
| 26:53 | Create | Villager (Male) |
| 26:58 | Build | Town Center |
| 27:02 | Build | House |
| 27:07 | Research | Heavy Plow |
| 27:07 | Research | Bow Saw |
| 27:13 | Build | Town Center |
| 27:18 | Build | House |
| 27:30 | Research | Thumb Ring |
| 27:32 | Create | Archer |
| 27:33 | Create | Archer |
| 27:34 | Create | Archer |
| 28:02 | Create | Villager (Male) |
Build order — JShizzle
144 actions detected in the replay
| 0:33 | Build | Town Center |
| 3:04 | Create | Villager (Male) |
| 3:04 | Create | Villager (Male) |
| 3:04 | Create | Villager (Male) |
| 3:04 | Create | Villager (Male) |
| 3:08 | Build | House |
| 3:45 | Build | House |
| 4:36 | Create | Villager (Male) |
| 5:12 | Create | Villager (Male) |
| 5:19 | Create | Villager (Male) |
| 6:14 | Create | Villager (Male) |
| 6:14 | Create | Villager (Male) |
| 6:34 | Create | Villager (Male) |
| 6:34 | Create | Villager (Male) |
| 6:49 | Build | Mill |
| 7:09 | Create | Villager (Male) |
| 7:15 | Build | House |
| 7:19 | Build | House |
| 7:49 | Create | Villager (Male) |
| 8:30 | Create | Villager (Male) |
| 9:07 | Create | Villager (Male) |
| 9:08 | Create | Villager (Male) |
| 9:08 | Create | Villager (Male) |
| 9:09 | Create | Villager (Male) |
| 9:09 | Create | Villager (Male) |
| 9:11 | Research | Loom |
| 9:50 | Build | Barracks |
| 10:59 | Build | Lumber Camp |
| 11:20 | Build | Palisade Wall |
| 11:27 | Build | Palisade Gate |
| 11:39 | Research | Feudal Age |
| 11:49 | Create | Villager (Male) |
| 12:12 | Build | Barracks |
| 12:28 | Create | Villager (Male) |
| 12:28 | Create | Villager (Male) |
| 12:41 | Build | Farm |
| 13:35 | Build | House |
| 13:49 | Age | Feudal Age |
| 14:12 | Build | Stable |
| 14:15 | Create | Villager (Male) |
| 14:16 | Create | Villager (Male) |
| 14:16 | Create | Villager (Male) |
| 14:19 | Build | Farm |
| 14:19 | Build | Farm |
| 14:23 | Research | Double-Bit Axe |
| 14:50 | Build | Farm |
| 15:05 | Create | Scout Cavalry |
| 15:05 | Create | Scout Cavalry |
| 15:11 | Build | Farm |
| 15:11 | Build | Farm |
| 15:19 | Build | Farm |
| 15:25 | Create | Villager (Male) |
| 15:44 | Create | Scout Cavalry |
| 16:05 | Create | Villager (Male) |
| 16:10 | Build | House |
| 16:19 | Build | Watch Tower |
| 16:23 | Create | Villager (Male) |
| 16:25 | Build | House |
| 16:31 | Build | House |
| 16:34 | Build | House |
| 16:57 | Create | Villager (Male) |
| 17:12 | Build | Archery Range |
| 17:32 | Build | Archery Range |
| 17:43 | Create | Skirmisher |
| 17:56 | Build | House |
| 18:00 | Build | House |
| 18:01 | Build | House |
| 18:10 | Create | Villager (Male) |
| 18:10 | Create | Villager (Male) |
| 18:26 | Create | Skirmisher |
| 18:41 | Build | Mill |
| 19:06 | Build | House |
| 19:18 | Build | House |
| 19:24 | Create | Villager (Male) |
| 19:25 | Create | Villager (Male) |
| 19:30 | Build | Farm |
| 19:30 | Build | Farm |
| 19:30 | Build | Farm |
| 19:31 | Build | Farm |
| 19:39 | Create | Skirmisher |
| 19:50 | Build | Farm |
| 20:30 | Build | House |
| 20:34 | Build | House |
| 20:41 | Create | Skirmisher |
| 20:41 | Create | Skirmisher |
| 20:44 | Create | Skirmisher |
| 20:45 | Create | Skirmisher |
| 21:15 | Create | Villager (Male) |
| 21:23 | Build | Blacksmith |
| 21:31 | Create | Skirmisher |
| 21:31 | Create | Skirmisher |
| 21:33 | Create | Villager (Male) |
| 21:33 | Create | Villager (Male) |
| 21:43 | Build | House |
| 21:45 | Create | Villager (Male) |
| 21:46 | Create | Villager (Male) |
| 22:12 | Create | Skirmisher |
| 22:12 | Create | Skirmisher |
| 22:21 | Build | Farm |
| 22:21 | Build | Farm |
| 22:21 | Build | Farm |
| 22:22 | Build | Farm |
| 22:22 | Build | Farm |
| 22:29 | Build | House |
| 22:54 | Build | Mining Camp |
| 22:59 | Build | House |
| 23:19 | Create | Villager (Male) |
| 23:19 | Create | Villager (Male) |
| 23:19 | Create | Villager (Male) |
| 23:55 | Create | Villager (Male) |
| 23:55 | Create | Villager (Male) |
| 24:23 | Build | House |
| 24:38 | Build | Mining Camp |
| 24:47 | Build | Farm |
| 24:47 | Build | Farm |
| 24:47 | Build | Farm |
| 24:47 | Build | Farm |
| 25:05 | Create | Villager (Male) |
| 25:06 | Create | Villager (Male) |
| 25:20 | Build | Farm |
| 25:27 | Create | Villager (Male) |
| 25:28 | Create | Villager (Male) |
| 25:40 | Research | Gold Mining |
| 25:41 | Research | Stone Mining |
| 25:45 | Build | Farm |
| 25:50 | Build | House |
| 26:09 | Create | Villager (Male) |
| 26:09 | Create | Villager (Male) |
| 26:38 | Research | Horse Collar |
| 26:56 | Build | Farm |
| 27:07 | Build | Market |
| 27:11 | Research | Scale Barding Armor |
| 27:24 | Build | House |
| 27:28 | Build | House |
| 27:31 | Build | House |
| 27:56 | Research | Castle Age |
| 28:35 | Build | Stable |
| 28:45 | Create | Villager (Male) |
| 28:45 | Create | Villager (Male) |
| 28:45 | Create | Villager (Male) |
| 29:02 | Build | Stable |
| 29:17 | Research | Fletching |
| 30:36 | Age | Castle Age |
| 30:54 | Build | Town Center |
Build order — Efectoz
First 150 of 158 actions detected
| 0:42 | Build | Town Center |
| 2:21 | Build | House |
| 2:22 | Build | House |
| 2:23 | Build | House |
| 2:28 | Build | House |
| 2:53 | Research | Loom |
| 2:54 | Create | Villager (Male) |
| 2:55 | Create | Villager (Male) |
| 2:56 | Create | Villager (Male) |
| 2:56 | Create | Villager (Male) |
| 4:19 | Create | Villager (Male) |
| 5:13 | Create | Villager (Male) |
| 5:13 | Create | Villager (Male) |
| 5:59 | Create | Villager (Male) |
| 6:00 | Create | Villager (Male) |
| 6:41 | Create | Villager (Male) |
| 6:43 | Create | Villager (Male) |
| 7:02 | Create | Villager (Male) |
| 7:02 | Create | Villager (Male) |
| 7:37 | Build | Lumber Camp |
| 7:51 | Create | Villager (Male) |
| 8:59 | Create | Villager (Male) |
| 8:59 | Create | Villager (Male) |
| 9:01 | Create | Villager (Male) |
| 10:01 | Build | Mining Camp |
| 10:10 | Create | Villager (Male) |
| 10:11 | Create | Villager (Male) |
| 10:54 | Create | Villager (Male) |
| 11:15 | Create | Villager (Male) |
| 11:47 | Research | Feudal Age |
| 12:14 | Build | House |
| 12:17 | Build | House |
| 12:33 | Build | Mill |
| 12:48 | Build | Barracks |
| 12:58 | Build | House |
| 13:03 | Build | House |
| 13:04 | Build | House |
| 13:44 | Build | Palisade Wall |
| 13:57 | Age | Feudal Age |
| 14:01 | Research | Double-Bit Axe |
| 14:02 | Create | Villager (Male) |
| 14:06 | Create | Villager (Male) |
| 14:09 | Create | Villager (Male) |
| 14:18 | Research | Horse Collar |
| 14:30 | Build | Farm |
| 14:33 | Create | Villager (Male) |
| 14:34 | Create | Villager (Male) |
| 14:47 | Build | Stable |
| 14:55 | Create | Villager (Male) |
| 14:56 | Build | Farm |
| 15:01 | Create | Villager (Male) |
| 15:11 | Create | Villager (Male) |
| 15:28 | Build | Farm |
| 15:37 | Build | Blacksmith |
| 15:40 | Build | House |
| 15:41 | Build | House |
| 15:47 | Create | Scout Cavalry |
| 15:54 | Create | Villager (Male) |
| 15:56 | Build | Farm |
| 16:41 | Create | Villager (Male) |
| 17:00 | Build | Farm |
| 17:05 | Build | Farm |
| 17:09 | Create | Villager (Male) |
| 17:09 | Create | Villager (Male) |
| 17:12 | Build | Palisade Wall |
| 17:19 | Build | Palisade Wall |
| 17:27 | Build | Farm |
| 17:48 | Build | Market |
| 17:57 | Build | Farm |
| 18:29 | Research | Castle Age |
| 18:41 | Build | Farm |
| 18:56 | Build | Stable |
| 19:02 | Build | Mining Camp |
| 19:08 | Research | Scale Barding Armor |
| 19:36 | Build | House |
| 19:37 | Build | House |
| 19:38 | Build | House |
| 19:52 | Research | Gold Mining |
| 20:23 | Research | Forging |
| 20:57 | Build | Gate |
| 21:17 | Age | Castle Age |
| 21:23 | Create | Steppe Lancer |
| 21:23 | Create | Steppe Lancer |
| 21:23 | Create | Steppe Lancer |
| 21:24 | Create | Steppe Lancer |
| 21:24 | Create | Steppe Lancer |
| 21:35 | Build | Town Center |
| 21:45 | Research | Town Watch |
| 21:47 | Create | Villager (Male) |
| 21:49 | Create | Villager (Male) |
| 22:20 | Create | Villager (Male) |
| 22:30 | Create | Villager (Male) |
| 22:44 | Create | Villager (Male) |
| 22:47 | Create | Villager (Male) |
| 22:52 | Create | Steppe Lancer |
| 23:06 | Build | Farm |
| 23:09 | Build | Farm |
| 23:13 | Create | Villager (Male) |
| 23:15 | Build | Farm |
| 23:49 | Create | Steppe Lancer |
| 23:49 | Create | Steppe Lancer |
| 23:57 | Build | Farm |
| 23:57 | Build | Farm |
| 23:57 | Build | Farm |
| 23:58 | Build | Farm |
| 23:58 | Build | Farm |
| 23:59 | Build | Farm |
| 23:59 | Build | Farm |
| 24:01 | Build | Farm |
| 24:09 | Build | Farm |
| 24:11 | Build | Farm |
| 24:48 | Research | Husbandry |
| 25:26 | Research | Chain Barding Armor |
| 25:46 | Create | Steppe Lancer |
| 25:47 | Create | Steppe Lancer |
| 25:47 | Create | Steppe Lancer |
| 26:01 | Build | Farm |
| 26:02 | Create | Villager (Male) |
| 26:04 | Create | Villager (Male) |
| 26:36 | Create | Steppe Lancer |
| 26:36 | Create | Steppe Lancer |
| 26:36 | Create | Steppe Lancer |
| 27:00 | Create | Villager (Male) |
| 27:02 | Build | Farm |
| 27:06 | Create | Villager (Male) |
| 27:08 | Research | Wheelbarrow |
| 27:33 | Build | House |
| 27:34 | Build | House |
| 27:35 | Build | House |
| 28:15 | Research | Iron Casting |
| 28:46 | Create | Villager (Male) |
| 28:47 | Create | Villager (Male) |
| 28:47 | Create | Villager (Male) |
| 28:48 | Create | Villager (Male) |
| 28:49 | Create | Villager (Male) |
| 28:49 | Create | Villager (Male) |
| 28:51 | Create | Villager (Male) |
| 28:51 | Create | Villager (Male) |
| 29:13 | Create | Villager (Male) |
| 29:13 | Create | Villager (Male) |
| 29:14 | Create | Villager (Male) |
| 29:14 | Create | Villager (Male) |
| 29:16 | Build | Archery Range |
| 29:17 | Build | Archery Range |
| 29:18 | Build | Archery Range |
| 29:21 | Build | Archery Range |
| 29:59 | Research | Padded Archer Armor |
| 30:00 | Research | Fletching |
| 30:06 | Build | Farm |
| 30:09 | Create | Villager (Male) |
Match timeline
| 9:50 | JShizzle · first_building Barracks |
| 10:53 | Dr.HERO · first_building Barracks |
| 11:20 | JShizzle · wall_segment Palisade Wall x5 |
| 11:29 | acmoon16 · first_building Barracks |
| 12:48 | Efectoz · first_building Barracks |
| 13:15 | Dr.HERO · age_up feudal |
| 13:20 | acmoon16 · wall_segment Palisade Wall x1 |
| 13:44 | Efectoz · wall_segment Palisade Wall x8 |
| 13:49 | JShizzle · age_up feudal |
| 13:57 | Efectoz · age_up feudal |
| 14:12 | JShizzle · first_building Stable |
| 14:46 | acmoon16 · age_up feudal |
| 14:47 | Efectoz · first_building Stable |
| 16:06 | acmoon16 · first_building Archery Range |
| 17:12 | JShizzle · first_building Archery Range |
| 17:12 | Efectoz · wall_segment Palisade Wall x2 |
| 17:19 | Efectoz · wall_segment Palisade Wall x18 |
| 20:28 | Dr.HERO · wall_segment Stone Wall x9 |
| 20:58 | acmoon16 · wall_segment Palisade Wall x11 |
| 21:17 | Efectoz · age_up castle |
| 22:01 | Dr.HERO · wall_segment Stone Wall x23 |
| 22:23 | Dr.HERO · first_market_buy 100 food |
| 22:44 | acmoon16 · wall_segment Palisade Wall x6 |
| 22:53 | acmoon16 · wall_segment Palisade Wall x20 |
| 23:21 | Dr.HERO · first_building Stable |
| 25:10 | Dr.HERO · first_market_sell 100 stone |
| 25:19 | Efectoz · first_market_sell 100 wood |
| 25:20 | Efectoz · first_market_buy 100 food |
| 26:20 | acmoon16 · age_up castle |
| 27:01 | Dr.HERO · wall_segment Stone Wall x9 |
| 27:50 | JShizzle · first_market_buy 100 food |
| 28:06 | Dr.HERO · age_up castle |
| 28:29 | Dr.HERO · wall_segment Stone Wall x25 |
| 29:16 | Efectoz · first_building Archery Range |
| 29:27 | Dr.HERO · first_building Castle |
| 30:36 | JShizzle · age_up castle |
| 31:14 | acmoon16 · resign |
[ AI ANALYSIS · 1 CREDIT ]
What really happened in this match?
Wolo.gg analyzes every decision: build order, eco, micro, common mistakes by bracket. Personalized analysis on WhatsApp or Discord in 30 seconds.
Civ guide
Wei
Map guide
African Clearing
Perfil
Jugador #4437914